 Dungeon Crawl Stone Soup version 0.29-a0-1052-g6990b1bffc (webtiles) character file.

Game seed: 2480254222475755349

28 spaghetti the Grave Robber (level 2, -3/21 HPs)
             Began as a Mummy Necromancer on Aug 18, 2022.
             Was a Believer of Lugonu.
             Slain by a goblin
             ... wielding a +0 dagger
             ... led by Robin
              (5 damage)
             ... on level 2 of the Dungeon.
             The game lasted 00:02:48 (1974 turns).

spaghetti the Grave Robber (Mummy Necromancer)      Turns: 1974, Time: 00:02:49

Health: -3/21      AC:  7    Str: 11    XL:     2   Next: 96%
Magic:  2/5        EV: 12    Int: 14    God:    Lugonu [**....]
Gold:   60         SH:  0    Dex: 12    Spells: 5/6 levels left

rFire   x . .      SeeInvis .   n - +4 hand axe {axe}
rCold   + . .      Faith    .   (no shield)
rNeg    + + +      Spirit   .   a - +0 robe
rPois   ∞          Reflect  .   (no helmet)
rElec   .          Harm     .   (no cloak)
rCorr   .          Rampage  .   o - +0 pair of gloves
Will    +....                   (no boots)
Stlth   ++........              (no amulet)
HPRegen 0.07/turn               j - +4 ring of protection
MPRegen 0.09/turn               p - ring of willpower

@: no status effects
A: cold resistance 1, negative energy resistance 3, torment resistance 2, heat
vulnerability 1, no potions
a: Renounce Religion, Depart the Abyss, Bend Space


You were on level 2 of the Dungeon.
You worshipped Lugonu.
Lugonu was pleased with you.
You visited 1 branch of the dungeon, and saw 2 of its levels.

You collected 60 gold pieces.


Innate Abilities, Weirdness & Mutations

You are immune to poison.
Your flesh is cold resistant. (rC+)
You are immune to negative energy. (rN+++)
You are immune to unholy pain and torment.
You are vulnerable to heat. (rF-)
You do not drink.


   Skills:
 + Level 1.1 Fighting
 + Level 0.8 Armour
 + Level 1.8 Dodging
 - Level 1.5 Stealth
 + Level 2.8 Spellcasting
 + Level 4.2 Necromancy
 + Level 0.2 Invocations


You had 5 spell levels left.
You knew the following spells:

 Your Spells              Type           Power      Damage    Failure   Level
a - Necrotise             Necr           52%        1d6       3%          1

Your spell library contained the following spells:

 Spells                   Type           Power      Damage    Failure   Level
 Vampiric Draining        Necr           13%        2d6       12%         3
 Ensorcelled Hibernation  Hex/Ice        4%         N/A       32%         2
 Passwall                 Tmut/Erth      1%         N/A       32%         2
 Animate Dead             Necr           13%        N/A       36%         4
 Swiftness                Air            2%         N/A       54%         3
 Agony                    Necr           13%        N/A       71%         5

Inventory:

Hand Weapons
 c - a +0 hand axe {axe}
   (You found it on level 1 of the Dungeon)
 d - a +0 dagger {short}
   (You took it off a goblin on level 1 of the Dungeon)
 n - a +4 hand axe (weapon) {axe}
   (You found it on level 2 of the Dungeon)
Missiles
 e - 13 stones {throwing}
 m - 3 silver javelins {throwing}
 q - 5 poisoned darts {throwing}
Armour
 a - a +0 robe (worn)
 o - a +0 pair of gloves (worn)
   (You found it on level 2 of the Dungeon)
Jewellery
 j - a +4 ring of protection (left hand)
   (You found it on level 1 of the Dungeon)
 p - a ring of willpower (right hand)
   (You found it on level 2 of the Dungeon)
Scrolls
 b - a scroll of acquirement {unknown}
 f - 4 scrolls of teleportation {unknown}
 g - 2 scrolls of torment {unknown}
 h - 2 scrolls of amnesia {unknown}
 i - 2 scrolls of immolation {unknown}
 k - a scroll of identify {unknown}
 l - a scroll of vulnerability {unknown}

Dungeon Overview and Level Annotations

Branches:
Dungeon (2/15) Zot: 10004

Altars:
Lugonu

Annotations:
D:2 Robin

.########## ...
........... .
#.#####.....### ..
............... #..
#.#####.....#.. #...
#.#......>..#..
#..lg#####.#.###.....#..
#....gg.g..#.# #.....#..
#....gZ@g....###.....#..
..#...ggg.........####..
.....###########..######
###< #####..#..... #
#......#.....
.[..###.##..... ..
#######.. #.. ##.


You could see Robin, a hobgoblin (strong), 7 goblins, a frilled lizard and a
friendly goblin skeleton.


Message History

The bat hits you but does no damage.
The goblin unwields a +0 dagger.
The goblin wields a +0 sling.
The goblin shoots a sling bullet.
The sling bullet closely misses you.
A goblin comes into view. It is wielding a +0 dagger.
You hear a shout!
A hobgoblin comes into view.
The hobgoblin shouts!
You hear an angry hiss.
The bat barely misses you. Robin throws the goblin at you!
The hobgoblin moves out of view.
You hit the bat.
You kill the bat!
Lugonu accepts your kill.
You miss the goblin.
A goblin comes into view. It is wielding a +0 club.
The goblin hits you but does no damage.
A goblin comes into view.
It is wielding a +2 dagger of protection.
A frilled lizard comes into view.
The goblin hits you with a +0 club. Robin throws the goblin at you!
The goblin hits you with a +2 dagger of protection.
The goblin barely misses you.
The goblin moves out of view.
You are too injured to fight recklessly!
You are too injured to fight recklessly!
You are too injured to fight recklessly!
Unknown command. 😕 HP[-3]
You take 3 damage, and now have 17/21 hp.
Casting: Necrotise (safe; 3% risk of failure)
Confirm with . or Enter, or press ? or * to list all spells.
Aiming: Necrotise (safe; 3% risk of failure)
Press: ? - help, Shift-Dir - straight line, f - goblin
Aim: a goblin, wielding a +0 club (strong, chance to affect: 83%)
The goblin barely resists.
The goblin hits you with a +0 dagger. The goblin hits you but does no damage.
The goblin closely misses you.
The goblin hits you but does no damage. 😮 HP[-3] MP[-1]
You take 3 damage, and now have 14/21 hp.
You lost 1 mp, and now have 4/5 mp.
Casting: Necrotise (safe; 3% risk of failure)
Confirm with . or Enter, or press ? or * to list all spells.
Aiming: Necrotise (safe; 3% risk of failure)
Press: ? - help, Shift-Dir - straight line, f/p - goblin
Aim: a goblin, wielding a +0 club (strong, chance to affect: 83%)
The goblin writhes in agony.
You kill the goblin!
Lugonu accepts your kill.
The dead are walking!
The goblin shoots a sling bullet.
The sling bullet hits you but does no damage.
The goblin hits you but does no damage. x2; The goblin closely misses you.
The hobgoblin barely misses your goblin skeleton.
The goblin barely misses you. 😮 MP[-1]
You lost 1 mp, and now have 3/5 mp.
Casting: Necrotise (safe; 3% risk of failure)
Confirm with . or Enter, or press ? or * to list all spells.
Aiming: Necrotise (safe; 3% risk of failure)
Press: ? - help, Shift-Dir - straight line, f - goblin
Aim: a goblin, wielding a +0 dagger (strong, chance to affect: 83%)
The goblin writhes in agony.
You kill the goblin!
Lugonu accepts your kill.
The dead are walking!
The goblin shoots a sling bullet.
The sling bullet hits your goblin skeleton.
The goblin hits you but does no damage.
The frilled lizard bites your goblin skeleton.
The goblin misses you. Robin throws the goblin at you! The goblin misses you.
The goblin hits you with a +0 dagger.
The goblin closely misses you. 😮 HP[-2] MP[-1]
You take 2 damage, and now have 12/21 hp.
You lost 1 mp, and now have 2/5 mp.
Unknown command.
You fail to use your ability.
The goblin unwields a +0 sling.
The goblin wields a +0 dagger.
The goblin hits you with a +0 dagger.
* * * LOW HITPOINT WARNING * * *
Your goblin skeleton hits the frilled lizard.
The frilled lizard bites your goblin skeleton.
The goblin barely misses you. The goblin closely misses you.
The goblin barely misses you.
The hobgoblin hits your goblin skeleton.
The goblin hits you but does no damage. The goblin barely misses you. 😨 HP[-3]
You take 3 damage, and now have 9/21 hp.
Unknown command.
Unknown command.
Unknown command.
Unknown command.
You fail to use your ability.
Your goblin skeleton barely misses the goblin.
The goblin hits you with a +0 dagger.
* * * LOW HITPOINT WARNING * * *
Your goblin skeleton barely misses the frilled lizard.
The goblin hits you with a +0 dagger.
* * * LOW HITPOINT WARNING * * *
The goblin closely misses you.
The goblin hits your goblin skeleton with a +0 club!
Your goblin skeleton is destroyed!
The goblin hits you with a +2 dagger of protection.
* * * LOW HITPOINT WARNING * * *
The goblin hits you with a +0 dagger.
You die...

Skill      XL: |  1  2 |
---------------+-------+-----
Fighting       | 1 |  1.1
Armour         | |  0.8
Dodging        | |  1.8
Stealth        | |  1.5
Spellcasting   | |  2.8
Necromancy     | |  4.2
Invocations    | |  0.2

Action                   || total
-------------------------++-------
Melee: Hand axe          ||    57
 Cast: Necrotise         ||    14
 Stab: Sleeping          ||     1
Armor: Robe              ||    29
Dodge: Dodged            ||    65

Levels and vault maps discovered:
D:1:      ldierk_walled_garden, layout_rooms,
          shapermc_ecumenical_altar_starsandcircs, serial_aquarium,
          aquarium_bridge_square [aquarium_subvault_bridge,
          aquarium_subvault_wall, aquarium_subvault_bridge,
          aquarium_subvault_bridge], aquarium_bridge_straight
          [aquarium_subvault_bridge, aquarium_subvault_window,
          aquarium_subvault_bridge, aquarium_subvault_wall],
          aquarium_window_fake, aquarium_window_1, aquarium_window_2,
          aquarium_window_corner, aquarium_view_2a
D:2:      layout_basic, serial_corexii_hall, chequers_hall_statues_corner_a,
          corexii_hall_statues_i, uniq_crazy_yiuf_cottage, uniq_robin,
          uniq_jessica

Notes
Turn   | Place    | Note
-------+----------+-------------------------------------------
     0 | D:1      | spaghetti the Mummy Necromancer began the quest for the
                  | Orb.
     0 | D:1      | Reached XP level 1. HP: 13/13 MP: 4/4
     0 | D:1      | magus.rc [v1.9.6]
   643 | D:1      | Found a faded altar of an unknown god.
   710 | D:1      | Prayed at the altar of an unknown god.
   710 | D:1      | Became a worshipper of Lugonu the Unformed
   710 | D:1      | Reached * piety under Lugonu
   710 | D:1      | Reached ** piety under Lugonu
   738 | D:1      | Reached XP level 2. HP: 15/20 MP: 5/5
  1488 | D:1      | Reached skill level 1 in Fighting
  1707 | D:2      | You pick up a book of Burglary and begin reading...
  1707 | D:2      | You add the spells Passwall, Ensorcelled Hibernation and
                  | Swiftness to your library.
  1965 | D:2      | Noticed Robin
  1974 | D:2      | HP: 2/21 [goblin/+2 dagger of protection[Robin] (4)]
  1974 | D:2      | Slain by a goblin

Vanquished Creatures
  3 endoplasms
  3 goblins
  4 hobgoblins
  A quokka (D:1)
  3 ball pythons
  4 bats (D:2)
  5 frilled lizards
  3 kobolds
  A rat (D:1)
27 creatures vanquished.

Vanquished Creatures (others)
  5 toadstools (D:1)
5 creatures vanquished.

Grand Total: 32 creatures vanquished

Table legend:
 A = Non-vault XP
 B = Vault XP
 C = Vault XP percentage of total XP
 D = Non-vault monster count
 E = Vault monster count
 F = Vault count percentage of total count
                 A         B        C        D         E       F
            +---------+---------+-------+---------+---------+-------
      Total |      37 |       3 |   7.5 |      25 |       2 |   7.4
            +---------+---------+-------+---------+---------+-------
        D:1 |      19 |       0 |   0.0 |      14 |       0 |   0.0
        D:2 |      18 |       3 |  14.3 |      11 |       2 |  15.4
            +---------+---------+-------+---------+---------+-------

Illustrated notes

Table legend:
 A = Kills in this place as a percentage of kills in entire the game.
 B = Kills by you in this place as a percentage of kills by you in the entire game.
 C = Kills by friends in this place as a percentage of kills by friends in the entire game.
 D = Other kills in this place as a percentage of other kills in the entire game.
 E = Experience gained in this place as a percentage of experience gained in the entire game.
 F = Experience gained in this place divided by the number of levels of this place that you have seen.
                   A       B       C       D       E      F
               +-------+-------+-------+-------+-------+----------------------
         Total | 100.0 | 100.0 |   N/A |   N/A | 100.0 |  20.0
       Dungeon | 100.0 | 100.0 |   N/A |   N/A | 100.0 |  20.0
               +-------+-------+-------+-------+-------+----------------------

Table legend: (Time is in decaauts)
 A = Elapsed time spent in this place.
 B = Non-inter-level travel time spent in this place.
 C = Inter-level travel time spent in this place.
 D = Time resting spent in this place.
 E = Time spent auto-exploring this place.
 F = Levels seen in this place.
 G = Mean time per level.
                   A        B        C        D        E       F      G
               +--------+--------+--------+--------+--------+-----+--------+
         Total |   1994 |   1858 |    136 |      0 |   1651 |   2 |  997.0 |
       Dungeon |   1994 |   1858 |    136 |      0 |   1651 |   2 |  997.0 |
               +--------+--------+--------+--------+--------+-----+--------+

Top non-repeatable levels by time:
     D:1: 1272 daAuts
     D:2: 721 daAuts
